 Dungeon Crawl Stone Soup version 0.30-b1-2-g02819fbbbe (webtiles) character file.

Game seed: 606973944095385124

14948 Alarkh the Skirmisher (level 11, -16/86 HPs)
             Began as a Demonspawn Hexslinger on July 11, 2023.
             Demolished by a cane toad (18 damage)
             ... on level 2 of the Lair of Beasts.
             The game lasted 00:29:46 (14265 turns).

Alarkh the Skirmisher (Demonspawn Hexslinger)      Turns: 14265, Time: 00:29:46

Health: -16/86     AC: 14    Str: 11    XL:     11   Next: 95%
Magic:  9/20       EV: 10    Int: 19    God:
Gold:   766        SH:  0    Dex: 13    Spells: 15/22 levels left

rFire   + + .        a - +3 sling
rCold   . . .        (no shield)
rNeg    . . .        x - +2 scale mail {Will+}
rPois   .            (no helmet)
rElec   .            q - +1 cloak
rCorr   .            j - +2 pair of gloves
SInv    .            l - +0 pair of boots
Will    +....        (no amulet) Stlth
                     r - ring of protection from fire
HPRegen 0.34/turn    s - ring of protection from fire
MPRegen 0.34/turn

%: no passive effects
@: portalling projectiles, invisible
A: powered by death 2, magic regeneration, sturdy frame 1, weakness stinger 2
a: no special abilities


You were on level 2 of the Lair of Beasts.
You visited 3 branches of the dungeon, and saw 12 of its levels.

You collected 766 gold pieces.

Inventory:

Hand Weapons
 a - a +3 sling (weapon)
 b - a +1 short sword of draining
 G - a +0 shortbow
Missiles
 v - 2 throwing nets
 D - 2 datura-tipped darts
 I - 27 poisoned darts
Armour
 j - a +2 pair of gloves (worn)
 l - a +0 pair of boots (worn)
 q - a +1 cloak (worn)
 x - a +2 scale mail of willpower (worn)
Jewellery
 o - a ring of ice
 r - a ring of protection from fire (left hand)
 s - a ring of protection from fire (right hand)
 t - a ring of see invisible
 y - a +5 ring of evasion
Wands
 g - a wand of roots (20)
 m - a wand of digging (5)
 p - a wand of flame (20)
 H - a wand of charming (5)
Scrolls
 k - 4 scrolls of noise
 u - a scroll of enchant armour
 C - a scroll of identify
 E - 2 scrolls of magic mapping
 F - 3 scrolls of enchant weapon
 J - 4 scrolls of fog
Potions
 d - 4 potions of brilliance
 f - a potion of flight
 h - a potion of lignification
 i - 2 potions of mutation
 n - 4 potions of attraction
 w - 3 potions of might
 A - a potion of magic
 K - a potion of berserk rage


   Skills:
 + Level 8.1 Fighting
 * Level 10.6 Ranged Weapons
 + Level 2.3 Armour
 + Level 3.1 Dodging
 - Level 6.0 Spellcasting
 + Level 7.4 Hexes
 - Level 6.0 Translocations
 + Level 5.9 Fire Magic


You had 15 spell levels left.
You knew the following spells:

 Your Spells              Type           Power      Damage    Failure   Level
a - Inner Flame           Hex/Fire       31%        N/A       6%          3
c - Slow                  Hex            100%       N/A       1%          1
e - Portal Projectile     Hex/Tloc       62%        N/A       6%          3

Your spell library contained the following spells:

 Spells                   Type           Power      Damage    Failure   Level
 Cause Fear               Hex            16%        N/A       16%         4
 Summon Guardian Golem    Hex/Summ       19%        N/A       22%         3
 Passage of Golubria      Tloc           28%        N/A       28%         4
 Necrotise                Necr           20%        1d5       32%         1
 Ignite Poison            Fire/Tmut/Pois 13%        N/A       41%         3
 Cigotuvi's Dreadful Rot  Necr/Pois/Air  10%        N/A       45%         2
 Ozocubu's Armour         Ice            5%         N/A       69%         3
 Vampiric Draining        Necr           5%         2d6       69%         3
 Sticky Flame             Conj/Fire      17%        2d4       69%         4
 Silence                  Hex/Air        9%         N/A       90%         5
 Dispel Undead            Necr           5%         3d7       97%         4
 Agony                    Necr           5%         N/A       100%        5
 Iskenderun's Battlesphe  Conj           5%         2d6       100%        5
 Death Channel            Necr           2%         N/A       100%        6
 Iron Shot                Conj/Erth      2%         9d2       100%        6
 Orb of Destruction       Conj           2%         9d5       100%        7
 Ozocubu's Refrigeration  Ice            2%         4d8       100%        7
 Spellforged Servitor     Conj/Summ      2%         N/A       100%        7
 Ignition                 Fire           14%        3d6       100%        8
 Lehudib's Crystal Spear  Conj/Erth      2%         10d2      100%        8


Dungeon Overview and Level Annotations

Branches:
Dungeon (9/15)             Temple (1/1) D:6            Lair (2/5) D:8
 Shoals (0/4) Lair:2       Spider (0/4) Lair:2
    Orc: D:9-12

Altars:
Dithmenos
Fedhas
Gozag
Hepliaklqana
Makhleb
Okawaru
Ru
Sif Muna
Trog
Vehumet
Wu Jian
Yredelemnul

Shops:
D:2 ?   D:7 [

Annotations:
D:5 3 runed translucent doors, exclusion: downstairs, Borgoz's ghost, novice HuMo


Innate Abilities, Weirdness & Mutations

You regenerate health from kills.
You regenerate magic rapidly.
Your movements are slightly less encumbered by armour. (ER -2)
You have a tail ending in a sharp stinger.


Message History

Unknown command.
Okay, then.
You feel much better.
You feel very sick.
The black mamba bites you but does no damage.
The black mamba closely misses you.
Okay, then.
As you read the scroll of teleportation, it crumbles to dust.
You feel strangely unstable.
You feel sick. The black mamba bites you.
* * * LOW HITPOINT WARNING * * *
You feel sick. The black mamba misses you.
Your surroundings suddenly seem different.
A cane toad comes into view.
You feel sick.
The cane toad croaks.
A cane toad is nearby!
You sense an unholy aura.
b - a +1 short sword of draining (weapon)
You feel sick.
Unknown command.
Okay, then.
You fade into invisibility!
You feel sick.
a - a +3 sling (weapon)
Casting: Portal Projectile (dangerous; 6% risk of failure)
Confirm with . or Enter, or press ? or * to list all spells.
Aiming: Inner Flame (dangerous; 6% risk of failure)
Press: ? - help, Dir - move target, f - cane toad
Aim: a cane toad (unable to see you, chance to affect: 84%)
The cane toad barely resists.
You feel sick.
You magically shoot a sling bullet.
The sling bullet closely misses the cane toad.
You feel sick. The cane toad stings you!
* * * LOW HITPOINT WARNING * * *
Okay, then.
You feel sick.
You feel sick.
You are no longer poisoned.
The cane toad stings you!!
You die...

#### #.#. ###### ##.. #....# #.#
#.#.#### ##.. ### #......########
##..# ##.######............#
#.... ......###.......@F...#
#.... ..#....#.....P.#....(#
######...<
.####.>........##...####..##.....
..##...............[.#..##.......
.....................##..........
.........#.......................
..})...#.........................
........#..................###.^.
.......#..................##...^^


You could see a cane toad (unable to see you).

Vanquished Creatures
  2 two-headed ogres
  A torpor snail (Lair:1)
  A black mamba (Lair:2)
  Joseph (D:7)
  6 cane toads
  A kobold demonologist (D:8)
  A rime drake (Lair:1)
  6 komodo dragons
  A troll (D:8)
  A hornet (D:9)
  A snapping turtle (Lair:2)
  2 shadows (D:9)
  25 yaks
  A wyvern (Lair:1)
  2 basilisks
  4 water moccasins
  Duvessa (D:7)
  3 black bears
  An ice beast (D:7)
  4 orc warriors
  A boggart (D:9)
  2 centaurs
  A phantom (D:7)
  2 kobold brigands
  7 bullfrogs
  5 scorpions
  5 wights (D:8)
  Dowan (D:7)
  5 killer bees (D:9)
  3 howler monkeys (D:7)
  A crimson imp (D:5)
  3 quasits (D:8)
  2 hounds
  2 jellies (D:7)
  4 orc priests
  2 gnoll boudas
  Natasha (thrice) (D:3 D:2)
  9 orc wizards
  A sleepcap (D:8)
  5 iguanas
  13 gnolls
  8 adders
  4 shadow imps (D:8)
  7 white imps
  3 ufetubi (D:8)
  6 dart slugs
  37 orcs
  6 endoplasms
  7 giant cockroaches
  4 hobgoblins
  3 jackals (D:3)
  A quokka (D:3)
  6 ball pythons
  10 bats
  3 frilled lizards
  3 goblins
  16 kobolds
  6 rats
272 creatures vanquished.

Vanquished Creatures (others)
  10 demonic plants (D:8)
  21 fungi
  27 plants
58 creatures vanquished.

Grand Total: 330 creatures vanquished

Notes
Turn   | Place    | Note
-------+----------+-------------------------------------------
     0 | D:1      | Alarkh the Demonspawn Hexslinger began the quest for the
                  | Orb.
     0 | D:1      | Reached XP level 1. HP: 15/15 MP: 2/2
   133 | D:1      | Reached skill level 2 in Ranged Weapons
   411 | D:1      | Gained mutation: Your movements are slightly less
                  | encumbered by armour. (ER -2) [demonic ancestry]
   411 | D:1      | Reached XP level 2. HP: 21/21 MP: 3/3
   828 | D:2      | Found Foodaphy's Magic Scroll Emporium.
  1021 | D:2      | Gained mutation: You regenerate a little health from kills.
                  | [demonic ancestry]
  1021 | D:2      | Reached XP level 3. HP: 27/27 MP: 4/4
  1149 | D:2      | Reached skill level 3 in Ranged Weapons
  1848 | D:3      | Gained mutation: You regenerate magic rapidly. [demonic
                  | ancestry]
  1848 | D:3      | Reached XP level 4. HP: 34/34 MP: 5/5
  1857 | D:3      | Learned a level 3 spell: Inner Flame
  2458 | D:3      | Found a faded altar of an unknown god.
  2487 | D:3      | Reached skill level 4 in Ranged Weapons
  2492 | D:3      | Gained mutation: You have a small tail. [demonic ancestry]
  2492 | D:3      | Reached XP level 5. HP: 39/40 MP: 6/6
  3149 | D:4      | Reached XP level 6. HP: 24/47 MP: 7/7
  3245 | D:4      | Noticed Natasha
  3285 | D:3      | Killed Natasha
  3286 | D:3      | Reached skill level 5 in Ranged Weapons
  3882 | D:3      | Found a faded altar of an unknown god.
  3999 | D:3      | Noticed Natasha
  4057 | D:2      | Killed Natasha
  4121 | D:2      | Noticed Natasha
  4186 | D:2      | Killed Natasha
  4607 | D:5      | Entered Level 5 of the Dungeon
  4933 | D:5      | Found a runed translucent gate.
  4933 | D:5      | Found a runed translucent gate.
  4933 | D:5      | Found a runed translucent gate.
  4935 | D:5      | Found an opulent altar of Gozag.
  4935 | D:5      | Noticed a wyvern
  4936 | D:5      | Noticed a water moccasin
  4937 | D:5      | Noticed Borgoz's ghost (novice HuMo)
  4960 | D:5      | Learned a level 3 spell: Portal Projectile
  5288 | D:5      | Found a hazy altar of Hepliaklqana.
  5339 | D:5      | Found a shimmering blue altar of Sif Muna.
  5630 | D:5      | Reached XP level 7. HP: 50/54 MP: 8/8
  5789 | D:6      | Found a staircase to the Ecumenical Temple.
  5803 | Temple   | Entered the Ecumenical Temple
  5929 | D:6      | Reached skill level 6 in Ranged Weapons
  5971 | D:6      | Noticed a two-headed ogre
  6240 | D:6      | Killed a two-headed ogre
  6241 | D:6      | Reached skill level 5 in Fighting
  6241 | D:6      | Gained mutation: You have a tail ending in a sharp stinger.
                  | [demonic ancestry]
  6241 | D:6      | Reached XP level 8. HP: 54/62 MP: 9/11
  6522 | D:6      | Noticed a two-headed ogre
  6828 | D:6      | Reached skill level 7 in Ranged Weapons
  6956 | D:6      | Found a blossoming altar of Fedhas.
  7454 | D:6      | You fall into a shaft and drop 3 floors!
  7465 | D:9      | Noticed a two-headed ogre
  7764 | D:8      | Found a sacrificial altar of Ru.
  7880 | D:8      | Reached XP level 9. HP: 52/66 MP: 13/13
  8244 | D:8      | Noticed a troll
  8273 | D:8      | Killed a troll
  8429 | D:8      | Noticed a komodo dragon
  8730 | D:8      | Killed a komodo dragon
  8731 | D:8      | Reached skill level 8 in Ranged Weapons
  8731 | D:8      | Reached skill level 5 in Hexes
  8855 | D:8      | Found a staircase to the Lair.
  9573 | D:7      | Found Eleir's Armour Boutique.
  9966 | D:7      | Reached XP level 10. HP: 63/77 MP: 13/16
 10035 | D:7      | Noticed Duvessa
 10035 | D:7      | Noticed Dowan
 10043 | D:7      | Killed Duvessa
 10043 | D:7      | Killed Dowan
 10228 | D:7      | Noticed Joseph
 10233 | D:7      | Killed Joseph
 10698 | D:9      | Noticed a purple ugly thing
 10980 | D:9      | Reached skill level 9 in Ranged Weapons
 11088 | D:9      | Noticed a deep elf pyromancer
 11094 | D:9      | Noticed a deep elf pyromancer
 11154 | D:9      | Killed a two-headed ogre
 11155 | D:9      | Reached skill level 5 in Spellcasting
 11274 | D:9      | Identified the +7 arbalest of Duoc {freeze, Str+3}
 11274 | D:9      | Noticed a centaur warrior
 11279 | D:9      | Noticed a boulder beetle
 11475 | D:9      | Noticed an entropy weaver
 11507 | Lair:1   | Entered Level 1 of the Lair of Beasts
 11689 | Lair:1   | Reached skill level 5 in Translocations
 11694 | Lair:1   | Reached skill level 5 in Fire Magic
 11704 | Lair:1   | Noticed a cane toad
 11705 | Lair:1   | Gained mutation: You regenerate health from kills. [demonic
                  | ancestry]
 11705 | Lair:1   | Reached XP level 11. HP: 57/84 MP: 9/19
 11710 | Lair:1   | HP: 3/84 [poisoned by a cane toad]
 11715 | Lair:1   | HP: 4/84 [poisoned by a cane toad]
 13082 | Lair:2   | Reached skill level 10 in Ranged Weapons
 13170 | Lair:2   | Found a hole to the Spider Nest.
 13502 | Lair:2   | Reached skill level 1 in Armour
 13654 | Lair:2   | Found a staircase to the Shoals.
 14254 | Lair:2   | HP: 2/86 [black mamba (10)]
 14263 | Lair:2   | HP: 4/86 [cane toad (9)]
 14265 | Lair:2   | Demolished by a cane toad

Illustrated notes

Levels and vault maps discovered:
D:1:      dpeg_arrival_long_road, layout_basic, eino_curves_03,
          kennysheep_crisscross, chequers_serial_rivers_micro_d,
          minmay_misc_feat_hallway
D:2:      minmay_chambers_of_ones, layout_basic, serial_shops,
          nicolae_shop_trees
D:3:      layout_basic, shapermc_ecumenical_altar_venn, chequers_arboretum,
          kennysheep_small_spiral
D:4:      layout_loops_ring, uniq_natasha
D:5:      layout_loops_ring, lemuel_doored_altar, led_sif_book,
          ebering_ghost_gozag, minmay_misc_feat_chi, minmay_fire_ice_demons
D:6:      minmay_skewed_foursquare, layout_gridville, old_standard_altar,
          overflow_temple_1_default, minmay_temple_entry_offerings
D:7:      layout_loops_ring, serial_shops, shop, dk_noncrumbling_3,
          uniq_duvessa, uniq_joseph
D:8:      layout_cave_pods, nicolae_ru_awakened_eye,
          grunt_lair_entry_orc_guard_hut, serial_demonic, serial_demonic_f,
          serial_demonic_a, serial_demonic_c, serial_demonic_c,
          serial_demonic_f, serial_demonic_b, serial_demonic_d,
          serial_demonic_g, serial_demonic_d, serial_demonic_c
D:9:      layout_stronghold, mainiacjoe_overflow_paths, nicolae_rejected_hall
Temple:   cyrus_temple_forest
Lair:1:   layout_long_grid
Lair:2:   layout_misc_corridors, minmay_shoals_entry_hut,
          spider_nest_entry_web_field, beast_lair_carwin_6

Skill      XL: |  1  2  3  4  5  6  7  8  9 10 11 |
---------------+----------------------------------+-----
Ranged Weapons | 2 3 4 5 6 7 8 9 10 | 10.6
Fighting       | 2 3 4 5 6 7 8 |  8.1
Spellcasting   | 2 3 4 5 6 |  6.0
Translocations | 2 4 5 6 |  6.0
Fire Magic     | 2 3 5 |  5.9
Hexes          | 4 5 6 7 |  7.4
Dodging        | 3 |  3.1
Armour         | 2 |  2.3

Action                     |  1- 3 |  4- 6 |  7- 9 | 10-12 || total
---------------------------+-------+-------+-------+-------++-------
  Melee: Sling             |       |     1 |       |       ||     1
   Fire: Sling             |   147 |   356 |   541 |   263 ||  1307
   Cast: Inner Flame       |       |       |    20 |    62 ||    82
         Portal Projectile |       |       |       |     4 ||     4
    Use: Scroll            |     7 |    11 |    14 |     6 ||    38
         Potion            |       |     2 |       |     6 ||     8
 Armour: Robe              |     9 |       |       |       ||     9
         Ring mail         |    19 |    51 |       |       ||    70
         Scale mail        |       |    84 |   325 |   108 ||   517
  Dodge: Dodged            |    62 |   154 |   279 |   117 ||   612
